 Dungeon Crawl Stone Soup version 0.31-a0-875-g02e7d12df6 (webtiles) character file.

Game seed: 15334145390620821431

138 Arex the Trooper (level 5, -4/42 HPs)
             Began as a Demonspawn Fighter on Oct 12, 2023.
             Was a Believer of Makhleb.
             Slain by an ogre
             ... wielding a +0 giant club
              (12 damage)
             ... on level 4 of the Dungeon.
             The game lasted 00:04:12 (2209 turns).

Arex the Trooper (Demonspawn Fighter)               Turns: 2209, Time: 00:04:12

Health: -4/42      AC: 10    Str: 18    XL:     5   Next: 1%
Magic:  6/6        EV:  9    Int:  9    God:    Makhleb [**....]
Gold:   103        SH: 13    Dex: 10    Spells: 4/4 levels left

rFire   + . .        y - +4 spear "Hydrabane" {protect, rF+ rN+ Dex-3}
rCold   + . .        c - +0 buckler
rNeg    + . .        b - +0 scale mail
rPois   +            (helmet restricted)
rElec   .            v - +0 cloak
rCorr   .            (no gloves)
SInv    .            (no boots)
Will    .....        g - amulet of reflection Stlth
                     m - ring of poison resistance
HPRegen 0.27/turn    r - ring of protection from cold
MPRegen 0.10/turn

%: reflection
@: no status effects
A: horns 2, yellow scales 1, condensation shield
a: Renounce Religion, Minor Destruction


You were on level 4 of the Dungeon.
You worshipped Makhleb.
Makhleb was pleased with you.
You visited 1 branch of the dungeon, and saw 4 of its levels.

You collected 103 gold pieces.

Inventory:

Hand Weapons
 a - a +0 trident
 y - the +4 spear "Hydrabane" (weapon) {protect, rF+ rN+ Dex-3}
   (You found it on level 3 of the Dungeon)

   Dex-3:     It affects your dexterity (-3).
   rF+:       It protects you from fire.
   rN+:       It protects you from negative energy.
Armour
 b - a +0 scale mail (worn)
 c - a +0 buckler (worn)
 v - a +0 cloak (worn)
Jewellery
 g - an amulet of reflection (around neck)
 m - a ring of poison resistance (left hand)
 r - a ring of protection from cold (right hand)
 s - a ring of ice
 x - an amulet of the acrobat
Scrolls
 f - a scroll of enchant weapon {unknown}
 h - a scroll of enchant armour {unknown}
 k - 3 scrolls of teleportation {unknown}
 n - 2 scrolls of blinking {unknown}
 q - a scroll of immolation {unknown}
 t - 2 scrolls of torment
 w - a scroll of identify
Potions
 d - a potion of might
 e - 4 potions of heal wounds
 i - 2 potions of degeneration
 j - a potion of brilliance {unknown}
 l - a potion of mutation {unknown}
 o - a potion of berserk rage
 p - 2 potions of attraction {unknown}
 u - a potion of cancellation {unknown}


   Skills:
 + Level 3.8 Fighting
 + Level 2.5 Polearms
 + Level 3.3 Armour
 + Level 3.4 Shields
 + Level 2.0 Invocations


You had 4 spell levels left.
You didn't know any spells.
Your spell library contained the following spells:

 Spells                   Type           Power      Damage    Failure   Level
 Kiss of Death            Conj/Necr      0%         2d5       85%         1
 Lesser Beckoning         Tloc           0%         N/A       94%         2
 Confusing Touch          Hex            0%         N/A       99%         3
 Gell's Gravitas          Tloc           0%         N/A       99%         3
 Teleport Other           Tloc           0%         N/A       99%         3
 Dispel Undead            Necr           0%         3d6       100%        4


Dungeon Overview and Level Annotations

Branches:
Dungeon (4/15)
 Temple: D:4-7

Altars:
Kikubaaqudgha
Makhleb
Sif Muna
Uskayaw
Wu Jian

Shops:
D:3 =


Innate Abilities, Weirdness & Mutations

You have a pair of horns on your head.
You are partially covered in yellow scales. (AC +2)
A meltable shield of frost defends you. (SH +4)


Message History

A goblin is nearby!
You hit the goblin.
You kill the goblin!
Makhleb accepts your kill.
No target in view!
Items here: )))))))) [[ †††††.
You pick up a book of Touch and begin reading...
You add the spells Kiss of Death, Confusing Touch and Dispel Undead to your library.
You now have 103 gold pieces (gained 15).
w - a scroll of identify An ogre comes into view.
It is wielding a +0 giant club.
The ogre shouts!
You hit the ogre.
Your weapon exudes an aura of protection.
You headbutt the ogre!
The ogre is heavily wounded.
The ogre hits you with a +0 giant club!!
Ouch! That really hurt!
Okay, then.
Aiming: Minor Destruction (9% risk of failure)
Press: ? - help, Shift-Dir - straight line, f - ogre
Aim: an ogre, wielding a +0 giant club (moderately wounded)
The zap hits the ogre.
The ogre is heavily wounded.
You hit the ogre.
Your weapon exudes an aura of protection.
The ogre is heavily wounded.
The ogre closely misses you.
You hit the ogre.
You headbutt the ogre, but do no damage.
The ogre is severely wounded.
The ogre hits you with a +0 giant club!
* * * LOW HITPOINT WARNING * * *
You barely miss the ogre.
The ogre is severely wounded.
Unknown command.
The ogre attacks as it pursues you! The ogre closely misses you.
Items here: )))))))) [[ †††††.
The ogre attacks as it pursues you! The ogre hits you with a +0 giant club!
You die...

#######
#......
#.#####
#######.#
# #######
#.......#
# #.....#
#.#######
# #.###@#
#.# # #.#
#O# #.# #
#.#
#)####.#
# #.#
#......#
# #.#
########
# #.# #
#.# # #.#
# #.#


You could see an ogre.

Vanquished Creatures
  Robin (D:4)
  4 adders
  A worm (D:3)
  A dart slug (D:2)
  6 orcs (D:3)
  4 endoplasms
  4 giant cockroaches
  12 goblins
  6 hobgoblins
  4 jackals (D:3)
  11 kobolds
  2 quokkas (D:2)
  8 ball pythons
  3 bats
  3 frilled lizards
  4 rats
74 creatures vanquished.

Notes
Turn   | Place    | Note
-------+----------+-------------------------------------------
     0 | D:1      | Arex the Demonspawn Fighter began the quest for the Orb.
     0 | D:1      | Reached XP level 1. HP: 18/18 MP: 1/1
   105 | D:1      | Gained mutation: You have a pair of small horns on your
                  | head. [demonic ancestry]
   105 | D:1      | Reached XP level 2. HP: 24/24 MP: 2/2
   459 | D:1      | Found a faded altar of an unknown god.
   590 | D:1      | Prayed at the altar of an unknown god.
   590 | D:1      | Became a worshipper of Makhleb the Destroyer
   590 | D:1      | Reached * piety under Makhleb
   809 | D:2      | Gained mutation: You have a pair of horns on your head.
                  | [demonic ancestry]
   809 | D:2      | Reached XP level 3. HP: 29/29 MP: 3/3
  1038 | D:2      | Reached skill level 1 in Invocations
  1139 | D:2      | Found an ancient bone altar of Kikubaaqudgha.
  1423 | D:3      | Gained mutation: You are partially covered in yellow
                  | scales. (AC +2) [demonic ancestry]
  1423 | D:3      | Reached XP level 4. HP: 35/35 MP: 4/4
  1552 | D:3      | Found Peklel's Jewellery Shop.
  1573 | D:3      | Reached ** piety under Makhleb
  1587 | D:3      | Found a hide-covered altar of Uskayaw.
  1716 | D:3      | Identified the +4 spear "Hydrabane" {protect, rF+ rN+
                  | Dex-3}
  1788 | D:3      | Found a shimmering blue altar of Sif Muna.
  1808 | D:3      | Found an ornate altar of the Wu Jian Council.
  2106 | D:4      | Noticed Robin
  2113 | D:4      | Killed Robin
  2125 | D:4      | Gained mutation: A meltable shield of frost defends you.
                  | (SH +4) [demonic ancestry]
  2125 | D:4      | Reached XP level 5. HP: 41/42 MP: 6/6
  2169 | D:4      | Noticed an ogre
  2209 | D:4      | Slain by an ogre

Illustrated notes

Levels and vault maps discovered:
D:1:      psy_arrival_terrarium, layout_loops_cross, serial_glass,
          glass_columns_a, glass_columns_b, glass_columns_c, glass_columns_c,
          glass_columns_a, glass_columns_a,
          hellmonk_ecumenical_altar_pennies_from_heaven,
          dreamdust_mushroom_princess
D:2:      layout_loops_ring, basic_altar
D:3:      layout_rooms, nicolae_uskayaw_dance_hall,
          mainiacjoe_overflow_catwalk_spiral, serial_shops, shop
D:4:      layout_basic, vehumet_altar_wand_db, nicolae_shop_fire_sale
          [nicolae_sub_dead_trees], uniq_edmund, uniq_robin

Skill      XL: |  1  2  3  4 |
---------------+-------------+-----
Polearms       | 2 |  2.5
Armour         | 3 |  3.3
Shields        | 3 |  3.4
Invocations    | 1 2 |  2.0
Fighting       | |  3.8

Action                     |  1- 3 |  4- 6 || total
---------------------------+-------+-------++-------
  Melee: Trident           |   110 |    63 ||   173
         Headbutt          |     8 |    11 ||    19
         Spear             |       |    28 ||    28
 Invoke: Minor Destruction |       |     1 ||     1
    Use: Scroll            |     3 |     1 ||     4
   Stab: Distracted        |     1 |       ||     1
 Armour: Scale mail        |    49 |    43 ||    92
  Dodge: Dodged            |    33 |    31 ||    64
  Block: Buckler           |    23 |    33 ||    56
         Reflection        |     1 |     1 ||     2

Table legend: (Time is in decaauts)
 A = Elapsed time spent in this place.
 B = Non-inter-level travel time spent in this place.
 C = Inter-level travel time spent in this place.
 D = Time resting spent in this place.
 E = Time spent auto-exploring this place.
 F = Levels seen in this place.
 G = Mean time per level.
                   A        B        C        D        E       F      G
               +--------+--------+--------+--------+--------+-----+--------+
         Total |   2250 |   2166 |     84 |     44 |   1560 |   4 |  562.5 |
       Dungeon |   2250 |   2166 |     84 |     44 |   1560 |   4 |  562.5 |
               +--------+--------+--------+--------+--------+-----+--------+

Top non-repeatable levels by time:
     D:1: 811 daAuts
     D:2: 656 daAuts
     D:3: 590 daAuts
     D:4: 192 daAuts
